 Dungeon Crawl Stone Soup version 0.25-a0-589-g1e14c549ee (webtiles) character file.

Game seed: 16658314558963445275, levelgen mode: deterministic

847 Amnesiac the Slicer (level 7, -3/35 HPs)
             Began as a Spriggan Chaos Knight on Mar 11, 2020.
             Was a Plaything of Xom.
             Slain by Duvessa
             ... wielding a +7 short sword of flaming
              (4 damage)
             ... on level 5 of the Dungeon.
             The game lasted 00:10:51 (5076 turns).

Amnesiac the Slicer (Spriggan Chaos Knight)         Turns: 5076, Time: 00:10:51

Health: -3/35      AC:  5    Str: 10    XL:     7   Next: 68%
Magic:  3/8        EV: 23    Int: 13    God:    Xom [....*.]
Gold:   207        SH:  0    Dex: 20    Spells: 1/6 levels left

rFire    . . .     SeeInvis +   b - +2 dagger (vamp)
rCold    . . .     Gourm    .   (shield restricted)
rNeg     . . .     Faith    .   w - +2 robe
rPois    .         Spirit   .   (helmet restricted)
rElec    .         Reflect  .   (no cloak)
rCorr    .         Harm     .   (gloves unavailable)
MR       +....                  (boots unavailable)
Stlth    ++++......             (no amulet)
HPRegen  0.11/turn              t - +4 ring of dexterity
MPRegen  0.11/turn              y - +1 ring of protection

@: very slightly contaminated, very quick
A: very small, unfitting armour, see invisible, herbivore, speed 3, slow
metabolism 2
a: Renounce Religion


You were on level 5 of the Dungeon.
You worshipped Xom.
You were a beloved toy of Xom.
You were full.

You visited 1 branch of the dungeon, and saw 5 of its levels.

You collected 207 gold pieces.

Inventory:

Hand Weapons
 a - a +0 short sword of chaos
 b - a +2 vampiric dagger (weapon)
Armour
 w - a +2 robe (worn)
Jewellery
 t - a +4 ring of dexterity (left hand)
 x - a +4 ring of strength
 y - a +1 ring of protection (right hand)
Wands
 m - a wand of polymorph (11)
Scrolls
 f - 2 scrolls of remove curse {!r, unknown}
 g - a scroll of amnesia {!r, unknown}
 h - a scroll of magic mapping {!r, unknown}
 o - a scroll of enchant weapon {!r, unknown}
 r - a scroll of fog {!r, unknown}
 s - 3 scrolls of teleportation {!r}
 z - a scroll of identify {!r}
Potions
 d - a potion of curing {!q}
 e - a potion of cancellation {!q, unknown}
 i - 3 potions of berserk rage {!q, unknown}
 j - a potion of invisibility {!q}
 k - 2 potions of heal wounds {!q}
 l - 3 potions of brilliance {!q, unknown}
 n - 2 potions of magic {!q, unknown}
 p - a potion of haste {!q, unknown}
 q - a potion of flight {!q}
 v - a potion of mutation {!q, unknown}
Comestibles
 c - 3 rations


   Skills:
 - Level 2.4 Fighting
 - Level 8.0 Short Blades
 + Level 6.5 Dodging
 + Level 6.3 Stealth


You had one spell level left.
You knew the following spells:

 Your Spells              Type           Power        Failure   Level  Hunger
a - Animate Skeleton      Necr           N/A          30%         1    ##.....
b - Apportation           Tloc           #.....       30%         1    ##.....
z - Confusing Touch       Hex            #.......     67%         3    ####...

Your spell library contained the following spells:

 Spells                   Type           Power        Failure   Level  Hunger
 Corona                   Hex            #......      30%         1    ##.....
 Summon Small Mammal      Summ           #...         30%         1    ##.....
 Gell's Gravitas          Tloc           #.........   67%         3    ####...
 Petrify                  Tmut/Erth      #.......     97%         4    #####..
 Metabolic Englaciation   Hex/Ice        #.........   100%        5    ######.
 Yara's Violent Unravell  Hex/Tmut       #.........   100%        5    ######.


Dungeon Overview and Level Annotations

Branches:
Dungeon (5/15)             Temple (0/1) D:4

Altars:
Fedhas
Kikubaaqudgha

Annotations:
D:5 Duvessa


Innate Abilities, Weirdness & Mutations

You are very small and have problems with some larger weapons.
You are too small for most types of armour.
You have supernaturally acute eyesight. (SInv)
You are a herbivore.
You cover ground extremely quickly.
You need to consume almost no food.


Message History

Duvessa weeps.
There is an open door here.
Firing (i - inventory) No suitable missiles.
Press: ? - help, Shift-Dir - straight line, f/p - Duvessa
Aim: Duvessa, wielding a +7 short sword of flaming and wearing a +0 ring mail (moderately wounded, slow)
Okay, then.
Firing (i - inventory) No suitable missiles.
Press: ? - help, Shift-Dir - straight line, f/p - Duvessa
Aim: Duvessa, wielding a +7 short sword of flaming and wearing a +0 ring mail (moderately wounded, slow)
Okay, then.
Firing (i - inventory) No suitable missiles.
Press: ? - help, Shift-Dir - straight line, f/p - Duvessa
Aim: Duvessa, wielding a +7 short sword of flaming and wearing a +0 ring mail (moderately wounded, slow)
Okay, then.
Cast which spell? (? or * to list)
You miscast Confusing Touch.
You are very lightly contaminated with residual magic.
Your skin glows momentarily.
Casting: Confusing Touch (quite dangerous; 67% risk of failure)
Confirm with . or Enter, or press ? or * to list all spells.
Your hands begin to glow red.
Duvessa says, "His death shall not be in vain!"
You hit Duvessa but do no damage.
Duvessa is moderately wounded.
Duvessa closely misses you.
You barely miss Duvessa.
Duvessa is moderately wounded.
You hit Duvessa but do no damage.
Duvessa appears confused.
Duvessa is moderately wounded.
Duvessa hits you with a +7 short sword of flaming!
* * * LOW HITPOINT WARNING * * *
Duvessa burns you.
* * * LOW HITPOINT WARNING * * *
You emit a cloud of colourful smoke!
You hit Duvessa but do no damage.
Duvessa is moderately wounded.
You hit Duvessa.
You feel better.
Duvessa is moderately wounded.
Duvessa screams, "I'll kill you anyway!"
You hit Duvessa but do no damage.
Duvessa is moderately wounded.
You hit Duvessa but do no damage.
Duvessa is moderately wounded.
You hit Duvessa but do no damage.
Duvessa is moderately wounded.
You hit Duvessa.
Duvessa is heavily wounded.
You hit Duvessa but do no damage.
Duvessa is heavily wounded.
You hit Duvessa but do no damage.
Duvessa is heavily wounded.
You hit Duvessa but do no damage.
Duvessa is heavily wounded.
Duvessa misses you.
You hit Duvessa.
Duvessa is heavily wounded.
You hit Duvessa.
You feel better.
Duvessa is heavily wounded.
You hit Duvessa but do no damage.
Duvessa is heavily wounded.
Duvessa hits you with a +7 short sword of flaming!
* * * LOW HITPOINT WARNING * * *
Duvessa burns you.
You die...

#...............#
#.....
#...............#
#.....
#...............#
+.$...
#...............#
#.....
#...............#
#.....
############..###
#....( ##..###..##
###+#( #....e....# +(
#..§.§@...# #(
#..§§.....# #.
#..§##...## ######.
#<..##'##########......
#........('.....#<.....
#.........#.....#......
#.........#.....#......
#.........#.....#......
#........##'#####......


You could see Duvessa (confused).

Vanquished Creatures
  An ogre (D:4)
  2 scorpions (D:4)
  Dowan (D:5)
  A hound (D:4)
  5 orc priests
  2 orc wizards (D:3)
  2 iguanas
  2 worker ants (D:4)
  A hound skeleton (D:4)
  Robin (D:4)
  9 adders
  7 gnolls (D:3)
  A worm (D:3)
  A dart slug (D:3)
  11 orcs
  12 bats
  3 giant cockroaches
  7 hobgoblins
  9 jackals
  8 kobolds
  2 quokkas
  A ball python (D:5)
  6 frilled lizards
  17 goblins
  5 rats
117 creatures vanquished.

Vanquished Creatures (others)
  A hobgoblin (D:4)
1 creature vanquished.

Grand Total: 118 creatures vanquished

Notes
Turn   | Place    | Note
-------+----------+-------------------------------------------
     0 | D:1      | Amnesiac the Spriggan Chaos Knight began the quest for the
                  | Orb.
     0 | D:1      | Reached XP level 1. HP: 11/11 MP: 2/2
   115 | D:1      | XOM: potion effect (invisibility)
   143 | D:1      | Reached XP level 2. HP: 14/16 MP: 3/3
   160 | D:1      | Reached skill level 4 in Short Blades
   348 | D:1      | XOM: harmless Summ miscast
  1162 | D:2      | Reached XP level 3. HP: 14/19 MP: 4/4
  1302 | D:2      | Reached skill level 5 in Short Blades
  1425 | D:2      | Reached skill level 1 in Stealth
  1566 | D:2      | Found a blossoming altar of Fedhas.
  1635 | D:1      | XOM: silly message
  1637 | D:1      | Reached XP level 4. HP: 23/23 MP: 5/5
  1890 | D:3      | XOM: noise
  2113 | D:3      | Reached XP level 5. HP: 26/27 MP: 6/6
  2155 | D:3      | Reached skill level 6 in Short Blades
  2216 | D:3      | XOM: mild Ice miscast
  2239 | D:3      | Found a faded altar of an unknown god.
  2436 | D:3      | Reached XP level 6. HP: 29/32 MP: 7/7
  2718 | D:3      | XOM: butterfly on damage
  2719 | D:3      | XOM: divination: detect creatures
  2746 | D:3      | XOM: swap monsters
  2793 | D:4      | XOM: cloud trail
  2893 | D:4      | XOM: mild Summ miscast
  2997 | D:4      | XOM: divination: detect items
  3002 | D:4      | Learned a level 3 spell: Confusing Touch
  3004 | D:4      | Learned a level 1 spell: Animate Skeleton
  3006 | D:4      | Learned a level 1 spell: Apportation
  3162 | D:4      | Reached skill level 5 in Dodging
  3163 | D:4      | XOM: 1-stop teleportation journey
  3206 | D:4      | XOM: mild Air miscast
  3347 | D:3      | Reached skill level 7 in Short Blades
  3459 | D:3      | XOM: medium Hex miscast
  3886 | D:4      | XOM: confusion
  3900 | D:4      | Reached skill level 5 in Stealth
  3900 | D:4      | Reached XP level 7. HP: 21/35 MP: 8/8
  4043 | D:4      | Noticed Robin
  4067 | D:4      | XOM: harmless Summ miscast
  4105 | D:4      | Killed Robin
  4295 | D:4      | Found a staircase to the Ecumenical Temple.
  4536 | D:4      | Found an ancient bone altar of Kikubaaqudgha.
  4628 | D:4      | XOM: cast spell 'Alistair's Intoxication'
  4681 | D:4      | Reached skill level 8 in Short Blades
  4864 | D:5      | Identified a paperback manual
  4864 | D:5      | Entered Level 5 of the Dungeon
  4897 | D:5      | XOM is BORED!
  4897 | D:5      | XOM: mild Tmut miscast
  4927 | D:5      | Noticed Dowan
  4945 | D:5      | XOM: blink monster(s)
  4966 | D:5      | Killed Dowan
  4967 | D:5      | XOM: mild Hex miscast
  5007 | D:5      | Noticed Duvessa
  5011 | D:5      | XOM: enchant monster (good)
  5062 | D:5      | XOM: smoke on damage
  5076 | D:5      | HP: 1/35 [Duvessa/+7 short sword of flaming (9)]
  5076 | D:5      | Slain by Duvessa

Levels and vault maps discovered:
D:1:      minmay_arrival_four_houses, layout_basic, hex_intersection
D:2:      wad_crossroads, layout_rooms, marbit_many_paths
D:3:      layout_loops_corners, chequers_ecumenical_altar_simple_redux,
          bh_walls_and_bars
D:4:      layout_cave_pools, kiku_gazebo_pond_becter,
          minmay_temple_entry_proselytizer, uniq_robin
D:5:      layout_gridville, first_ration, minmay_manual_mess, uniq_duvessa

Skill      XL: |  1  2  3  4  5  6  7 |
---------------+----------------------+-----
Short Blades   | 4 5 6 7 8 |  8.0
Stealth        | 1 2 3 5 6 |  6.3
Dodging        | 4 5 6 |  6.5
Fighting       | |  2.4

Action                   |  1- 3 |  4- 6 |  7- 9 || total
-------------------------+-------+-------+-------++-------
Melee: Short sword       |   115 |   182 |       ||   297
       Dagger            |       |    37 |   122 ||   159
Throw: Dart              |       |    26 |    41 ||    67
 Cast: Confusing Touch   |       |       |     1 ||     1
  Use: Potion            |       |     2 |       ||     2
       Scroll            |       |     4 |       ||     4
 Stab: Invisible         |     3 |       |       ||     3
       Sleeping          |     8 |     4 |     2 ||    14
       Paralysed         |     2 |       |       ||     2
       Confused          |     1 |       |     1 ||     2
  Eat: Ration            |       |       |     4 ||     4
Armor: Robe              |    16 |    12 |     7 ||    35
Dodge: Dodged            |    86 |   138 |    50 ||   274

Table legend:
 A = Non-vault XP
 B = Vault XP
 C = Vault XP percentage of total XP
 D = Non-vault monster count
 E = Vault monster count
 F = Vault count percentage of total count
                 A         B        C        D         E       F
            +---------+---------+-------+---------+---------+-------
      Total |    1047 |     164 |  13.5 |      99 |      19 |  16.1
            +---------+---------+-------+---------+---------+-------
        D:1 |      45 |       0 |   0.0 |      20 |       0 |   0.0
        D:2 |      45 |      19 |  29.7 |      15 |       5 |  25.0
        D:3 |     414 |       0 |   0.0 |      46 |       0 |   0.0
        D:4 |     542 |      76 |  12.3 |      17 |      13 |  43.3
        D:5 |       1 |      69 |  98.6 |       1 |       1 |  50.0
            +---------+---------+-------+---------+---------+-------
